AoeStats
← [GDL] Maldito Pantoja

Arena

505985380Analyzed
4v4 RM · 21d ago on Sep 11, 2026· 46m 6s· 8 players
Game mode
Random Map
Map size
Large (8 player)
Population
200
Speed
Normal
Resources
Standard
Victory
Conquest
Starting age
Dark Age
Ending age
Imperial Age
RankedLock teamsTeams togetherTeam positionsShared explorationLock speedFull tech treeHidden civsTurbo modeCheats
Victory
Defeat
🇨🇦 Mongols · Canada
1314
+14
🇨🇱 Khmer · Chile
1286
+15
🇨🇳 Britons · China
1249
+17
🇺🇸 Japanese · United States
1231
+16
🇳🇱 Koreans · Netherlands
1302
-17
🇫🇷 Cumans · France
1270
-16
🇲🇽 Italians · Mexico
1252
-15
🇬🇧 Britons · United Kingdom
1232
-14
[GDL] Maldito Pantoja
10:39 Feudal Age
15:08 Castle Age
13:26 Double-Bit Axe
15:41 Loom
22:14 Horse Collar
22:29 Gold Mining
22:36 Gold Mining
23:31 Wheelbarrow
25:21 Fletching
25:32 Padded Archer Armor
26:38 Bodkin Arrow
Sahraoui
7:02 Loom
9:25 Feudal Age
10:44 Wheelbarrow
10:13 Double-Bit Axe
17:44 Horse Collar
22:43 Castle Age
27:25 Capped Ram
28:19 Forging
28:14 Scale Barding Armor
28:10 Scale Mail Armor
32:11 Imperial Age
29:04 Pikeman
29:47 Squires
29:28 Man-at-Arms
30:58 Chain Mail Armor
31:19 Iron Casting
31:27 Iron Casting
31:13 Chain Barding Armor
30:41 Town Watch
33:10 Halberdier
33:52 Arson
33:44 Long Swordsman
35:32 Two-Handed Swordsman
Boar to Death
10:45 Feudal Age
11:32 Loom
15:06 Castle Age
13:00 Double-Bit Axe
13:46 Scale Mail Armor
21:05 Chain Mail Armor
30:34 Town Watch
32:39 Forging
33:58 Iron Casting
El Mikalos
10:09 Feudal Age
14:48 Castle Age
12:34 Loom
13:33 Double-Bit Axe
13:38 Horse Collar
16:20 Bow Saw
23:12 Wheelbarrow
24:23 Hand Cart
24:25 Gold Mining
25:32 Fletching
25:46 Padded Archer Armor
28:19 Imperial Age
27:06 Bodkin Arrow
28:05 Ballistics
27:41 Crossbowman
28:35 Arbalester
29:20 Bracer
31:49 Chemistry
33:02 Gold Shaft Mining
33:40 Conscription
34:06 Heavy Plow
35:23 Town Watch
36:27 Yeomen
37:53 Hoardings
37:37 Stone Mining
37:56 Siege Engineers
38:58 Two-Man Saw
38:08 Elite Longbowman
38:18 Heavy Scorpion
39:37 Leather Archer Armor
41:04 Masonry
41:19 Onager
42:14 Warwolf
43:02 Architecture
42:28 Murder Holes
IDWARE21
11:08 Feudal Age
15:24 Castle Age
13:17 Double-Bit Axe
13:16 Horse Collar
16:38 Bow Saw
17:20 Loom
18:11 Wheelbarrow
17:42 Heavy Plow
18:38 Gold Mining
19:24 Scale Mail Armor
21:39 Chain Mail Armor
24:00 Forging
24:20 Squires
24:11 Gambesons
28:58 Iron Casting
28:52 Town Watch
30:52 Hand Cart
37:01 Imperial Age
34:34 Stone Mining
35:41 Fletching
35:51 Padded Archer Armor
36:19 Bodkin Arrow
35:48 Elite Skirmisher
36:35 Thumb Ring
37:33 Gold Shaft Mining
37:41 Onager
39:40 Two-Man Saw
39:44 Blast Furnace
39:44 Siege Engineers
40:28 Parthian Tactics
40:06 Bracer
40:54 Conscription
41:22 Ballistics
41:38 Leather Archer Armor
41:19 Capped Ram
43:51 Chemistry
43:04 Masonry
42:34 Treadmill Crane
43:30 Ring Archer Armor
43:40 Plate Mail Armor
44:44 Hoardings
45:13 Elite Samurai
45:56 Yasama
45:57 Murder Holes
45:53 Guard Tower
45:49 Arrowslits
Schvank
10:22 Feudal Age
14:20 Castle Age
12:07 Double-Bit Axe
13:13 Horse Collar
14:39 Scale Barding Armor
19:45 Bow Saw
21:38 Wheelbarrow
23:25 Chain Barding Armor
23:30 Gold Mining
24:15 Heavy Plow
25:11 Bloodlines
25:45 Forging
27:54 Iron Casting
29:06 Gold Shaft Mining
31:05 Hand Cart
30:35 Loom
34:47 Stone Mining
36:44 Fletching
36:55 Padded Archer Armor
36:45 Elite Skirmisher
37:22 Bodkin Arrow
38:02 Thumb Ring
44:15 Imperial Age
42:34 Stone Shaft Mining
42:19 Husbandry
44:17 Elite Steppe Lancer
44:59 Bracer
45:59 Blast Furnace
Mankoreño
10:43 Feudal Age
16:15 Castle Age
15:22 Stone Mining
15:54 Double-Bit Axe
16:19 Loom
28:41 Wheelbarrow
30:19 Hand Cart
30:04 Horse Collar
30:38 Bow Saw
33:42 Imperial Age
33:48 Imperial Age
32:07 Heavy Plow
33:18 Scale Barding Armor
33:23 Forging
33:26 Bloodlines
33:17 Husbandry
33:40 Fletching
33:58 Gold Mining
34:43 Stone Shaft Mining
33:50 Light Cavalry
34:52 Chain Barding Armor
34:23 Heavy Scorpion
35:15 Hussar
36:58 Plate Barding Armor
36:58 Iron Casting
38:43 Blast Furnace
37:39 Bodkin Arrow
37:44 Padded Archer Armor
39:02 Bracer
39:49 Ballistics
39:38 Siege Engineers
40:34 Chemistry
39:58 Leather Archer Armor
40:23 Gold Shaft Mining
39:45 Town Watch
40:32 Crop Rotation
40:59 Town Patrol
41:49 Ring Archer Armor
41:24 Double Crossbow
41:44 Conscription
44:37 Elite Battle Elephant
46:00 Scale Mail Armor
46:29 Tusk Swords
你没事吧
11:21 Feudal Age
14:57 Castle Age
12:45 Double-Bit Axe
13:10 Horse Collar
17:02 Heavy Plow
17:16 Bow Saw
24:53 Wheelbarrow
26:26 Hand Cart
29:37 Imperial Age
27:29 Fletching
27:39 Padded Archer Armor
27:47 Padded Archer Armor
28:10 Loom
28:23 Bodkin Arrow
29:35 Ballistics
28:43 Pikeman
29:09 Gambesons
29:24 Squires
29:09 Arson
29:24 Squires
29:10 Arson
30:26 Yeomen
29:47 Halberdier
30:54 Bracer
31:09 Leather Archer Armor
31:06 Scale Mail Armor
31:17 Forging
31:40 Conscription
33:09 Chemistry
32:40 Leather Archer Armor
32:40 Chain Mail Armor
32:51 Gold Mining
32:51 Stone Mining
33:39 Chain Mail Armor
33:59 Iron Casting
34:42 Elite Longbowman
37:40 Gold Shaft Mining
37:37 Ring Archer Armor
38:07 Blast Furnace
37:13 Scale Barding Armor
38:44 Two-Man Saw
44:04 Warwolf
44:41 Plate Mail Armor
Connection lost

Rejoining the realm…

Still unreachable

The connection could not be restored.

Session expired

The server has moved on; the page needs a fresh start.